 Dungeon Crawl Stone Soup version 0.31-a0-620-gd1cbd99268 (webtiles) character file.

Game seed: 5241138399457714545

3448 Newt the Fighter (level 10, 0/68 HPs)
             Began as a Gargoyle Fighter on Aug 23, 2023.
             Was a Priest of Ignis.
             Killed from afar by a gargoyle (9 damage)
             ... with a stone arrow
             ... on level 8 of the Dungeon.
             The game lasted 00:09:38 (8745 turns).

Newt the Fighter (Gargoyle Fighter)                 Turns: 8745, Time: 00:09:39

Health: 0/68       AC: 20    Str: 24    XL:     10   Next: 6%
Magic:  19/19      EV:  9    Int: 12    God:    Ignis [***...]
Gold:   306        SH:  6    Dex:  9    Spells: 9/9 levels left

rFire   + . .        H - +4 whip (elec)
rCold   . . .        c - +1 buckler
rNeg    + . .        b - +0 scale mail
rPois   ∞            G - +0 helmet {Int+3}
rElec   +            m - +0 cloak
rCorr   .            (no gloves)
SInv    .            z - +0 pair of boots
Will    .....        w - amulet of regeneration Stlth
                     d - ring of magical power
HPRegen 1.11/turn    (no ring)
MPRegen 0.16/turn

%: no passive effects
@: no status effects
A: sickness immunity, AC +7, negative energy resistance 1, electricity
resistance, torment resistance 1, petrification resistance
a: Renounce Religion, Fiery Armour, Foxfire Swarm, Rising Flame


You were on level 8 of the Dungeon.
You worshipped Ignis.
Ignis was most pleased with you.
You visited 1 branch of the dungeon, and saw 8 of its levels.
You also visited: Sewer.

You collected 372 gold pieces.
You spent 66 gold pieces at shops.

Inventory:

Hand Weapons
 a - a +0 flail
 C - a +0 flail of protection
 H - a +4 whip of electrocution (weapon)
Missiles
 E - 3 throwing nets
Armour
 b - a +0 scale mail (worn)
 c - a +1 buckler (worn)
 m - a +0 cloak (worn)
 z - a +0 pair of boots (worn)
 G - a +0 helmet of intelligence (worn)
Jewellery
 d - a ring of magical power (left hand)
 w - an amulet of regeneration (around neck)
Wands
 o - a wand of flame (19)
 x - a wand of iceblast (6)
Scrolls
 h - 3 scrolls of vulnerability
 i - a scroll of revelation
 k - 4 scrolls of enchant armour
 p - 2 scrolls of fog
 q - a scroll of torment
 t - 2 scrolls of fear
 y - 3 scrolls of teleportation
 D - a scroll of immolation
 F - 3 scrolls of identify
Potions
 e - a potion of resistance
 f - 3 potions of heal wounds
 g - 5 potions of curing
 j - 3 potions of lignification
 l - a potion of enlightenment
 r - a potion of cancellation
 u - a potion of attraction
 v - 2 potions of berserk rage
 A - a potion of brilliance {unknown}
 B - 2 potions of magic {unknown}


   Skills:
 - Level 10.0 Fighting
 + Level 5.7 Maces & Flails
 - Level 10.0 Armour
 - Level 6.0 Shields


You had 9 spell levels left.
You didn't know any spells.
Your spell library contained the following spells:

 Spells                   Type           Power      Damage    Failure   Level
 Gell's Gravitas          Tloc           0%         N/A       94%         3
 Ignite Poison            Fire/Tmut/Pois 0%         N/A       94%         3
 Teleport Other           Tloc           0%         N/A       94%         3
 Freezing Cloud           Conj/Ice/Air   0%         6-21      100%        5
 Dispersal                Tloc           0%         N/A       100%        6
 Cigotuvi's Dreadful Rot  Necr/Pois/Air  Unusable   N/A       N/A         2

Dungeon Overview and Level Annotations

Branches:
Dungeon (8/15)             Temple (0/1) D:6           Sewer (visited)
   Lair: D:8-11

Altars:
Ashenzari
Cheibriados
Dithmenos
Hepliaklqana
Qazlal
Ru
Zin
Ignis

Shops:
D:3 *   D:4 ?


Innate Abilities, Weirdness & Mutations

You are immune to sickness and miasma.
Your stone body is resilient. (AC +7)
You are immune to poison.
You resist negative energy. (rN+)
You are resistant to electric shocks. (rElec)
You are resistant to unholy torment.
You are immune to petrification.


Message History

You barely miss the gargoyle.
The gargoyle is heavily damaged.
The gargoyle barely misses you.
Unknown command.
You hit the gargoyle.
The gargoyle is heavily damaged.
You block the gargoyle's attack.
Unknown command.
You closely miss the gargoyle.
The gargoyle is heavily damaged.
The gargoyle hurls a stone arrow at you.
The stone arrow hits you!
* * * LOW HITPOINT WARNING * * *
Unknown command.
You feel better. You block the gargoyle's attack.
You hit the gargoyle.
The gargoyle is severely damaged.
You hit the gargoyle.
The gargoyle is severely damaged.
The gargoyle closely misses you.
You hit the gargoyle but do no damage.
The gargoyle is severely damaged.
The gargoyle barely misses you.
You hit the gargoyle.
The gargoyle is almost destroyed.
You block the gargoyle's attack.
You hit the gargoyle but do no damage.
The gargoyle is almost destroyed.
The gargoyle hurls a stone arrow at you.
The stone arrow hits you.
You closely miss the gargoyle.
The gargoyle is almost destroyed.
You hit the gargoyle but do no damage.
The gargoyle is almost destroyed.
The gargoyle hits you with a +0 morningstar!!
* * * LOW HITPOINT WARNING * * *
You feel better.
The gargoyle hurls a stone arrow at you.
The stone arrow hits you!
You die...

#.# #.#
#...# #.#
#.# #.#
##..# #.#
#.# #.###
#..# #.# #<.
#...#
#..######.#
##. ###.#
#.........#
#.#
#..........
#.#
#.########
#.#
#.........
#@#
#†########
#9# #.# #.#
##.# #.#
#..# #.#
#.## #.#
#.##########
#.#
#...........
. #.#
############
#


You could see a gargoyle.

Vanquished Creatures
  3 yaks (D:8)
  Menkaure (D:4)
  An orc warrior (D:6)
  3 ice beasts
  3 sky beasts
  A black bear (D:5)
  An ogre (D:6)
  2 centaurs
  2 phantoms
  3 kobold brigands
  5 bullfrogs
  A scorpion (D:5)
  A gnoll sergeant (D:7)
  4 killer bees (D:7)
  3 howler monkeys (D:7)
  2 hounds
  A jelly (D:5)
  2 orc priests (D:6)
  9 orc wizards
  4 iguanas
  14 adders
  7 gnolls
  2 river rats (Sewer)
  2 shadow imps
  4 white imps
  6 worms
  15 orcs
  14 ball pythons
  5 endoplasms
  3 giant cockroaches
  9 goblins
  6 hobgoblins
  12 jackals
  7 quokkas
  A bat (D:2)
  14 frilled lizards
  22 kobolds
  9 rats
204 creatures vanquished.

Vanquished Creatures (collateral kills)
  An adder (D:3)
  A kobold (D:3)
2 creatures vanquished.

Vanquished Creatures (others)
  28 foxfires (D:6)
28 creatures vanquished.

Grand Total: 234 creatures vanquished

Notes
Turn   | Place    | Note
-------+----------+-------------------------------------------
     0 | D:1      | Newt the Gargoyle Fighter began the quest for the Orb.
     0 | D:1      | Reached XP level 1. HP: 14/14 MP: 1/1
   112 | D:1      | Reached XP level 2. HP: 20/20 MP: 2/2
   267 | D:1      | Reached XP level 3. HP: 22/24 MP: 3/3
   911 | D:2      | Reached skill level 5 in Fighting
   965 | D:2      | Reached XP level 4. HP: 14/31 MP: 4/4
  1750 | D:3      | Found a glowing drain.
  1843 | Sewer    | Entered a sewer
  1878 | Sewer    | Reached XP level 5. HP: 35/35 MP: 5/5
  2307 | D:3      | Found Jiaberph's General Store.
  2356 | D:3      | Found a faded altar of an unknown god.
  2373 | D:3      | Prayed at the altar of an unknown god.
  2373 | D:3      | Became a worshipper of Ignis, the Dying Flame
  2743 | D:3      | Found a large runed translucent door.
  2750 | D:3      | Found a large runed translucent door.
  2851 | D:3      | Found a glowing silver altar of Zin.
  2854 | D:3      | Found a snail-covered altar of Cheibriados.
  2896 | D:4      | Found Covu's Magic Scroll Shoppe.
  2900 | D:4      | Bought a scroll of identify for 22 gold pieces
  2900 | D:4      | Bought a scroll of identify for 22 gold pieces
  2900 | D:4      | Bought a scroll of identify for 22 gold pieces
  2907 | D:4      | You fall into a shaft and drop 1 floor!
  2907 | D:5      | Entered Level 5 of the Dungeon
  2907 | D:5      | Found a sacrificial altar of Ru.
  2926 | D:5      | Noticed a black bear
  2938 | D:5      | Killed a black bear
  2939 | D:5      | Reached skill level 5 in Maces & Flails
  2939 | D:5      | Reached XP level 6. HP: 18/40 MP: 6/6
  3337 | D:5      | Found a broken altar of Ashenzari.
  3361 | D:5      | Reached skill level 5 in Armour
  3376 | D:5      | Reached XP level 7. HP: 24/44 MP: 7/7
  3878 | D:4      | Found a hazy altar of Hepliaklqana.
  4016 | D:4      | Noticed Menkaure
  4029 | D:4      | Killed Menkaure
  4917 | D:5      | Found Biekloot's Jewellery Shoppe.
  5032 | D:5      | Reached XP level 8. HP: 49/53 MP: 8/8
  5609 | D:6      | Reached skill level 5 in Shields
  6005 | D:6      | Found a staircase to the Ecumenical Temple.
  6690 | D:6      | Reached XP level 9. HP: 38/60 MP: 9/9
  7368 | D:7      | Reached skill level 10 in Fighting
  7447 | D:7      | Found a stormy altar of Qazlal.
  7563 | D:7      | Found a shadowy altar of Dithmenos.
  8380 | D:8      | Reached skill level 10 in Armour
  8380 | D:8      | Reached XP level 10. HP: 64/68 MP: 10/10
  8717 | D:8      | Noticed a gargoyle
  8744 | D:8      | HP: 2/68 [gargoyle/+0 morningstar (21)]
  8745 | D:8      | Killed from afar by a gargoyle

Illustrated notes

Levels and vault maps discovered:
D:1:      grunt_arrival_lava_bath, layout_basic, nicolae_figureground_pulse
D:2:      layout_loops_ring
D:3:      layout_rooms, jmf_multi_god_temple2, basic_ecumenical_altar,
          serial_shops, shop, cheibrodos_sewer_entry_drain
D:4:      layout_rooms, nicolae_hepliaklqana_hippocampus, serial_shops, shop,
          st_stairs_6, uniq_menkaure
D:5:      layout_loops_cross, general_overflow_altar,
          ashenzari_conservatory_becter, serial_shops, shop
D:6:      layout_basic, minmay_temple_entry_gardened_gates,
          nicolae_zen_rock_garden, minmay_misc_feat_enclosed,
          minmay_crystal_room, serial_park_tiny_1
D:7:      layout_gridville, mainiacjoe_overflow_brackets,
          nicolae_qazlal_style_of_elements
D:8:      layout_loops_ring, item_on_display_a

Skill      XL: |  1  2  3  4  5  6  7  8  9 |
---------------+----------------------------+-----
Fighting       | 4 5 7 9 10 | 10.0
Maces & Flails | 3 5 |  5.7
Armour         | 4 5 6 10 | 10.0
Shields        | 6 |  6.0

Action                     |  1- 3 |  4- 6 |  7- 9 | 10-12 || total
---------------------------+-------+-------+-------+-------++-------
  Melee: Flail             |   114 |   310 |   560 |    75 ||  1059
         Whip              |       |       |       |    23 ||    23
 Invoke: Foxfire Swarm     |       |       |     3 |       ||     3
         Fiery Armour      |       |       |     1 |       ||     1
    Use: Scroll            |     3 |     7 |     8 |     2 ||    20
         Potion            |       |     1 |     3 |     2 ||     6
 Armour: Scale mail        |    86 |   197 |   417 |    55 ||   755
  Dodge: Dodged            |    63 |   156 |   282 |    32 ||   533
  Block: Buckler           |    30 |    71 |   158 |    27 ||   286

Table legend: (Time is in decaauts)
 A = Elapsed time spent in this place.
 B = Non-inter-level travel time spent in this place.
 C = Inter-level travel time spent in this place.
 D = Time resting spent in this place.
 E = Time spent auto-exploring this place.
 F = Levels seen in this place.
 G = Mean time per level.
                   A        B        C        D        E       F      G
               +--------+--------+--------+--------+--------+-----+--------+
         Total |   9012 |   8688 |    324 |   1876 |   4871 |   9 | 1001.3 |
       Dungeon |   8487 |   8163 |    324 |   1876 |   4569 |   8 | 1060.9 |
         Sewer |    525 |    525 |      0 |      0 |    301 |   1 |  525.0 |
               +--------+--------+--------+--------+--------+-----+--------+

Top non-repeatable levels by time:
     D:6: 2036 daAuts
     D:5: 1502 daAuts
     D:7: 965 daAuts
     D:1: 896 daAuts
     D:4: 875 daAuts
     D:2: 866 daAuts
     D:3: 759 daAuts
     D:8: 584 daAuts
   Sewer: 525 daAuts
